 Dungeon Crawl Stone Soup version 0.18-a0-1088-g34ef3a2 (webtiles) character file.

217 xgamer67 the Bolt Thrower (level 5, 0/37 HPs)
             Began as an Octopode Wanderer on Jan 15, 2016.
             Slain by a gnoll
             ... wielding a +0 whip
              (10 damage)
             ... in the Ecumenical Temple.
             The game lasted 00:09:42 (3254 turns).

xgamer67 the Bolt Thrower (Octopode Wanderer)       Turns: 3254, Time: 00:09:43

Health: 0/37       AC:  1    Str: 13    XL:     5   Next: 94%
Magic:  5/5        EV: 11    Int: 16    God:
Gold:   130        SH:  5    Dex: 12    Spells: 0 memorised, 4 levels left

rFire  + . .     SeeInvis .     b - +10 mace of the Thing {crush, Int+3}
rCold  . . .     Gourm    .     e - +0 buckler
rNeg   . . .     Faith    .     (helmet restricted)
rPois  .         Spirit   .     (no amulet)
rElec  .         Dismiss  .     d - ring of protection from fire
rCorr  .         Reflect  .     (no ring)
SustAt .         Harm     .     (no ring)
MR     .....                    (no ring)
Stlth  ++........               (no ring)
                                (no ring)
                                (no ring)
                                (no ring)

@: not resistant to hostile enchantments, unstealthy
A: almost no armour, amphibious, 8 rings, constrict 8, camouflage 1, gelatinous
body 1
a: no special abilities


You were in the Ecumenical Temple.
You were not hungry.

You visited 2 branches of the dungeon, and saw 5 of its levels.

You collected 130 gold pieces.

Inventory:

Hand Weapons
 a - a +2 hand crossbow
 b - the +10 mace of the Thing (weapon) {crush, Int+3}
   (You found it on level 4 of the Dungeon)

   It inflicts extra damage upon your enemies.
   It affects your intelligence (+3).
 u - a +1 hand axe of venom
Missiles
 h - 38 bolts
 m - 17 poisoned needles
Armour
 e - a +0 buckler (worn)
Jewellery
 d - a ring of protection from fire (left tentacle)
Scrolls
 j - a scroll of noise
 q - 4 scrolls of remove curse
 v - a scroll of blinking
 y - a scroll of enchant weapon {unknown}
Potions
 i - a potion of invisibility {unknown}
 l - a potion of agility {unknown}
 n - 2 potions of ambrosia
 o - 2 potions of haste {unknown}
 p - 2 potions of cure mutation {unknown}
 r - a potion of brilliance {unknown}
 t - a potion of heal wounds {unknown}
 x - a potion of lignification {unknown}
Comestibles
 c - 3 meat rations
 f - 5 bread rations
 g - 2 beef jerkies
 k - 2 chunks of flesh
 s - a slice of pizza


   Skills:
 - Level 4.0 Fighting
 - Level 1.0(1.2) Axes
 + Level 1.2(1.4) Maces & Flails
 + Level 4.7 Crossbows
 - Level 4.0 Shields
   Level 1.1 Evocations


You had 4 spell levels left.
You didn't know any spells.

Dungeon Overview and Level Annotations

Branches:
Dungeon (4/15)             Temple (1/1) D:4

Altars:
Ashenzari
Pakellas

Annotations:
D:4 exclusions: orc and orc wizard


Innate Abilities, Weirdness & Mutations

You cannot wear most types of armour.
You are amphibious.
You can wear up to eight rings at the same time.
You can use your tentacles to constrict eight enemies at once.
Your skin changes colour to match your surroundings (Stealth).
Your rubbery body absorbs attacks (AC +1).


Message History

The gnoll hits you with a whip of electrocution!
You are electrocuted!
Ouch! That really hurt!
* * * LOW HITPOINT WARNING * * *
You barely miss the gnoll. You grab the gnoll.
The gnoll is heavily wounded.
You constrict the gnoll, but do no damage.
The gnoll closely misses you. The gnoll hits you with a whip.
* * * LOW HITPOINT WARNING * * *
A gnoll comes into view.
You sock the gnoll!
You kill the gnoll!
The gnoll closely misses you. The gnoll hits you but does no damage.
You climb downwards.
Welcome to the Ecumenical Temple!
There is a staircase back to the Dungeon here.
You hit the gnoll. Your grab misses the gnoll.
The gnoll is heavily wounded.
The gnoll hits you with a whip!
You die...

............♣
............♣
............♣
............♣
............♣
....⌠.....⌠.♣
......g.....♣
.......@....♣
............♣
....⌠.....⌠.♣
............♣
............♣
............♣
............♣
............♣


You could see a gnoll.

Vanquished Creatures
  A hound (D:4)
  An orc priest (D:3)
  Crazy Yiuf (D:2)
  A worker ant (D:4)
  A gnoll (D:4)
  4 adders
  An ooze (D:2)
  3 giant geckos
  4 orcs (D:3)
  3 giant cockroaches
  4 goblins
  6 hobgoblins
  3 jackals (D:1)
  2 quokkas (D:3)
  2 ball pythons (D:1)
  4 bats
  2 giant newts (D:1)
  4 kobolds
  10 rats
57 creatures vanquished.

Notes
Turn   | Place    | Note
--------------------------------------------------------------
     0 | D:1      | xgamer67 the Octopode Wanderer began the quest for the Orb.
     0 | D:1      | xgamer67 set off with: a +2 hand crossbow, 25 bolts, a +0 shortbow, 27 arrows, a +0 buckler, a bread ration
     0 | D:1      | Reached XP level 1. HP: 17/17 MP: 1/1
   147 | D:1      | Reached XP level 2. HP: 22/22 MP: 2/2
   679 | D:1      | Reached XP level 3. HP: 27/27 MP: 3/3
  1373 | D:2      | Noticed Crazy Yiuf
  1378 | D:2      | Killed Crazy Yiuf
  1378 | D:2      | Reached XP level 4. HP: 22/33 MP: 4/4
  1687 | D:3      | Found a faded altar to an unknown god.
  1965 | D:3      | Reached XP level 5. HP: 26/37 MP: 5/5
  2323 | D:3      | Found a shattered altar of Ashenzari.
  2370 | D:3      | Found an oddly glowing altar of Pakellas.
  2868 | D:4      | Got an ancient mace
  2869 | D:4      | Identified the +10 mace of the Thing {crush, Int+3} (You found it on level 4 of the Dungeon)
  3137 | D:4      | Reached skill level 1 in Maces & Flails
  3233 | D:4      | Found a staircase to the Ecumenical Temple.
  3253 | Temple   | Entered the Ecumenical Temple
  3254 | Temple   | Slain by a gnoll

Vault maps used:
D:1:      dpeg_arrival_oval, minmay_cut_off
D:2:      uniq_crazy_yiuf_cottage
D:3:      evilmike_ruin_ashenzari, lemuel_doored_altar, first_bread,
          ecumenical_altar_1
D:4:      grunt_temple_overflow_diamond, minmay_temple_entry_junction2
Temple:   jpeg_temple_alley_garden_8

Action                   |  1- 3 |  4- 6 || total
-------------------------+-------+-------++-------
Melee: Club              |     8 |       ||     8
       Dagger            |    52 |    39 ||    91
       Mace              |       |     9 ||     9
 Fire: Hand crossbow     |     8 |    21 ||    29
  Use: Scroll            |       |     4 ||     4
 Stab: Sleeping          |     6 |     1 ||     7
  Eat: Fruit             |     1 |       ||     1
       Chunk             |       |     6 ||     6
